 Dungeon Crawl Stone Soup version 0.29-a0-823-gc37b1572da (webtiles) character file.

Game seed: 1645893157012579410

20 zeratav the Stinger (level 2, 0/17 HPs)
             Began as an Octopode Venom Mage on July 8, 2022.
             Hit by a stone thrown by a goblin (2 damage)
             ... on level 1 of the Dungeon.
             The game lasted 00:00:42 (931 turns).

zeratav the Stinger (Octopode Venom Mage)            Turns: 931, Time: 00:00:42

Health: 0/17       AC:  1    Str:  7    XL:     2   Next: 79%
Magic:  2/5        EV: 13    Int: 17    God:
Gold:   60         SH:  0    Dex: 12    Spells: 4/5 levels left

rFire   . . .      SeeInvis .   e - +1 dagger (venom) {short}
rCold   . . .      Faith    .   (no shield)
rNeg    . . .      Spirit   .   (helmet restricted)
rPois   .          Reflect  .   (no amulet)
rElec   .          Harm     .   (no ring)
rCorr   .          Rampage  .   (no ring)
Will    .....                   (no ring)
Stlth   ++++......              (no ring)
HPRegen 0.05/turn               (no ring)
MPRegen 0.09/turn               (no ring)
                                (no ring)
                                (no ring)

@: no status effects
A: almost no armour, amphibious, 8 rings, camouflage 1, gelatinous body 1,
nimble swimmer 1, tentacles
a: no special abilities


You were on level 1 of the Dungeon.
You visited 1 branch of the dungeon, and saw 1 of its levels.

You collected 60 gold pieces.


Innate Abilities, Weirdness & Mutations

You cannot wear most types of armour.
You are amphibious.
You can wear up to eight rings at the same time.
Your skin changes colour to match your surroundings (Stealth+).
Your rubbery body absorbs attacks. (AC +1, EV +1)
You are camouflaged when in or above water. (Stealth+)
You have tentacles for arms and can constrict up to eight enemies at once.


   Skills:
 - Level 2.0 Dodging
 + Level 3.7 Stealth
 - Level 2.0 Spellcasting
 - Level 1.0 Transmutations
 + Level 4.2 Poison Magic


You had 4 spell levels left.
You knew the following spells:

 Your Spells              Type           Power      Damage    Failure   Level
a - Sting                 Tmut/Pois      40%        1d5       7%          1

Your spell library contained the following spells:

 Spells                   Type           Power      Damage    Failure   Level
 Poisonous Vapours        Pois/Air       16%        N/A       12%         2
 Mephitic Cloud           Conj/Pois/Air  6%         N/A       32%         3
 Olgreb's Toxic Radiance  Pois           16%        N/A       32%         4

Inventory:

Hand Weapons
 e - a +1 dagger of venom (weapon) {short}
   (You took it off a kobold on level 1 of the Dungeon)
Scrolls
 c - a scroll of fog {unknown}
Potions
 a - a potion of magic
 d - a potion of attraction {unknown}

Dungeon Overview and Level Annotations

Branches:
Dungeon (1/15) Zot: 5063

Altars:

#############.#
...#....<....#.
#...........#.#
....#.......#..
#.#########.#.####
#..#.....#... #.# #.#....#.
##..#####..## ..# #.#.##.#.
##.......... ### #.#.##.#.
##.#.#......
#.#.##.#.###≈..≈.....≈#
#.#.#####..≈....≈.≈....
#.).##@≈≈≈≈≈≈≈≈≈≈≈≈≈≈≈≈
##...###≈≈≈≈≈≈≈≈≈≈≈≈≈≈≈
#####>..#####g...≈.≈≈.≈.≈..
......#...g...#..≈.≈..≈..≈.
#####...#.######..≈..≈...≈#
##.##.# ####.####.##
###.##.# #.# #.# #.....)#
#.# #.# ###.####.###..# #.#
#.#


You could see a goblin.


Message History

You constrict the giant cockroach.
You kill the giant cockroach!
You hit the hobgoblin.
The hobgoblin is poisoned.
You grab the hobgoblin.
You squeeze the hobgoblin, but do no damage.
You constrict the hobgoblin. The hobgoblin closely misses you.
HP[+1]
Your hp is fully restored (17).
You hit the hobgoblin.
You kill the hobgoblin! 2 jackals come into view.
The jackal barks!
You hear a bark!
You hear a shout!
There are monsters nearby!
A jackal comes into view.
The jackal barks!
You hit the jackal but do no damage.
The jackal is poisoned.
Your grab misses the jackal.
A goblin comes into view. It is wielding a +0 club.
The jackal misses you.
You hit the jackal.
The jackal looks as sick as possible!
Your grab misses the jackal. The jackal closely misses you.
You hit the jackal.
You kill the jackal!
The jackal misses you.
You hit the jackal. Your grab misses the jackal.
Your tentacle-slap misses the jackal.
Your squeeze misses the jackal.
The jackal misses you. x2; The jackal bites you.
HP[-2]
You take 2 damage, and now have 15/17 hp.
You hit the jackal but do no damage.
The jackal is poisoned.
Your grab misses the jackal. The jackal bites you. The jackal misses you.
The jackal bites you.
HP[-2]
You take 2 damage, and now have 13/17 hp.
You hit the jackal. Your grab misses the jackal. The jackal bites you.
The jackal misses you.
HP[-1]
You take 1 damage, and now have 12/17 hp.
You hit the jackal but do no damage.
The jackal looks as sick as possible!
Your grab misses the jackal. Your squeeze misses the jackal.
The jackal bites you. x2
* * * LOW HITPOINT WARNING * * *
The jackal bites you but does no damage.
HP[-5]
You take 5 damage, and now have 7/17 hp.
MASSIVE DAMAGE!! (PAUSE)
You are too injured to fight recklessly!
You are too injured to fight recklessly!
You are too injured to fight recklessly!
The jackal closely misses you.
You kill the jackal!
The jackal bites you but does no damage.
Casting: Sting (safe; 7% risk of failure)
Confirm with . or Enter, or press ? or * to list all spells.
Aiming: Sting (safe; 7% risk of failure)
Press: ? - help, Shift-Dir - straight line, f - jackal
Aim: a jackal (64% to hit)
The sting hits the jackal.
The jackal is poisoned.
The jackal bites you.
* * * LOW HITPOINT WARNING * * *
HP[-2] MP[-1]
You take 2 damage, and now have 5/17 hp.
You lost 1 mp, and now have 4/5 mp.
Casting: Sting (safe; 7% risk of failure)
Confirm with . or Enter, or press ? or * to list all spells.
Aiming: Sting (safe; 7% risk of failure)
Press: ? - help, Shift-Dir - straight line, f/p - jackal
Aim: a jackal (severely wounded, poisoned, 64% to hit)
You miscast Sting.
You are very lightly contaminated with residual magic.
Nothing appears to happen.
The jackal bites you.
* * * LOW HITPOINT WARNING * * *
HP[-3] MP[-1]
You take 3 damage, and now have 2/17 hp.
You lost 1 mp, and now have 3/5 mp.
Casting: Sting (safe; 7% risk of failure)
Confirm with . or Enter, or press ? or * to list all spells.
Aiming: Sting (safe; 7% risk of failure)
Press: ? - help, Shift-Dir - straight line, f/p - jackal
Aim: a jackal (severely wounded, poisoned, 64% to hit)
The sting misses the jackal.
The jackal misses you. The jackal barely misses you.
MP[-1]
You lost 1 mp, and now have 2/5 mp.
Casting: Sting (safe; 7% risk of failure)
Confirm with . or Enter, or press ? or * to list all spells.
Aiming: Sting (safe; 7% risk of failure)
Press: ? - help, Shift-Dir - straight line, f/p - jackal
Aim: a jackal (severely wounded, poisoned, 64% to hit)
The sting hits the jackal.
The jackal looks even sicker.
The jackal closely misses you.
MP[-1]
You lost 1 mp, and now have 1/5 mp.
The jackal attacks as you move away!
The jackal bites you but does no damage.
The jackal barely misses you.
You kill the jackal!
The goblin throws a stone.
The stone closely misses you.
Your magical contamination has completely faded away.
MP[+1]
You start resting.
The goblin throws a stone.
The stone hits you.
You die...

Skill      XL: |  1 |
---------------+----+-----
Stealth        | 3 |  3.7
Poison Magic   | 4 |  4.2
Dodging        | |  2.0
Spellcasting   | |  2.0
Transmutations | |  1.0

Action                   || total
-------------------------++-------
Melee: Hand axe          ||    18
       Unarmed           ||     4
       Constrict         ||     7
       Tentacles         ||     5
       Punch             ||     1
       Dagger            ||    12
 Cast: Sting             ||     5
 Stab: Sleeping          ||     2
Armor: Skin              ||     5
Dodge: Dodged            ||    30

Levels and vault maps discovered:
D:1:      scummos_arrival_hexagon, layout_loops_ring, serial_rivers,
          chequers_serial_rivers_small_3, chequers_serial_rivers_large_a,
          chequers_serial_rivers_small_b, chequers_serial_rivers_small_b,
          chequers_serial_rivers_small_a, basic_ecumenical_altar

Notes
Turn   | Place    | Note
-------+----------+-------------------------------------------
     0 | D:1      | zeratav the Octopode Venom Mage began the quest for the
                  | Orb.
     0 | D:1      | Reached XP level 1. HP: 11/11 MP: 3/3
     0 | D:1      | magus.rc [v1.9.6]
   130 | D:1      | Reached skill level 3 in Stealth
   286 | D:1      | Reached skill level 4 in Poison Magic
   286 | D:1      | Reached XP level 2. HP: 13/17 MP: 5/5
   917 | D:1      | HP: 2/17 [jackal (3)]
   931 | D:1      | Hit by a stone thrown by a goblin

Vanquished Creatures
  3 ball pythons (D:1)
  2 giant cockroaches (D:1)
  4 hobgoblins (D:1)
  3 jackals (D:1)
  A kobold (D:1)
  2 frilled lizards (D:1)
  A goblin (D:1)
  A rat (D:1)
17 creatures vanquished.

Table legend:
 A = Non-vault XP
 B = Vault XP
 C = Vault XP percentage of total XP
 D = Non-vault monster count
 E = Vault monster count
 F = Vault count percentage of total count
                 A         B        C        D         E       F
            +---------+---------+-------+---------+---------+-------
      Total |      29 |       0 |   0.0 |      17 |       0 |   0.0
            +---------+---------+-------+---------+---------+-------
        D:1 |      29 |       0 |   0.0 |      17 |       0 |   0.0
            +---------+---------+-------+---------+---------+-------

Illustrated notes

Table legend:
 A = Kills in this place as a percentage of kills in entire the game.
 B = Kills by you in this place as a percentage of kills by you in the entire game.
 C = Kills by friends in this place as a percentage of kills by friends in the entire game.
 D = Other kills in this place as a percentage of other kills in the entire game.
 E = Experience gained in this place as a percentage of experience gained in the entire game.
 F = Experience gained in this place divided by the number of levels of this place that you have seen.
                   A       B       C       D       E      F
               +-------+-------+-------+-------+-------+----------------------
         Total | 100.0 | 100.0 |   N/A |   N/A | 100.0 |  29.0
       Dungeon | 100.0 | 100.0 |   N/A |   N/A | 100.0 |  29.0
               +-------+-------+-------+-------+-------+----------------------

Table legend: (Time is in decaauts)
 A = Elapsed time spent in this place.
 B = Non-inter-level travel time spent in this place.
 C = Inter-level travel time spent in this place.
 D = Time resting spent in this place.
 E = Time spent auto-exploring this place.
 F = Levels seen in this place.
 G = Mean time per level.
                   A        B        C        D        E       F      G
               +--------+--------+--------+--------+--------+-----+--------+
         Total |    935 |    935 |      0 |      0 |    832 |   1 |  935.0 |
       Dungeon |    935 |    935 |      0 |      0 |    832 |   1 |  935.0 |
               +--------+--------+--------+--------+--------+-----+--------+

Top non-repeatable levels by time:
     D:1: 935 daAuts
